 Dungeon Crawl Stone Soup version 0.29-a0-464-g50448035db (webtiles) character file.

Game seed: 13074205219012753184

87 Bruhh the Skirmisher (level 4, -1/53 HPs)
             Began as an Ogre Fighter on May 20, 2022.
             Slain by Natasha (8 damage)
             ... on level 4 of the Dungeon.
             The game lasted 00:01:43 (2228 turns).

Bruhh the Skirmisher (Ogre Fighter)                 Turns: 2228, Time: 00:01:44

Health: -1/53      AC:  3    Str: 22    XL:     4   Next: 51%
Magic:  4/4        EV:  9    Int:  9    God:
Gold:   173        SH:  8    Dex: 14    Spells: 3/3 levels left

rFire   . . .      SeeInvis .   a - +0 war axe
rCold   . . .      Faith    .   c - +0 kite shield
rNeg    . . .      Spirit   .   b - +0 robe
rPois   .          Reflect  .   (helmet restricted)
rElec   .          Harm     .   (no cloak)
rCorr   .          Rampage  .   (gloves unavailable)
Will    .....                   (boots unavailable)
Stlth   +.........              (no amulet)
HPRegen 0.17/turn               k - +6 ring of dexterity
MPRegen 0.09/turn               (no ring)

@: mighty
A: large, unfitting armour, tough skin 1
a: no special abilities


You were on level 4 of the Dungeon.
You visited 1 branch of the dungeon, and saw 4 of its levels.

You collected 173 gold pieces.

Inventory:

Hand Weapons
 a - a +0 war axe (weapon)
Missiles
 h - 6 atropa-tipped darts (quivered)
 p - 2 poisoned darts
Armour
 b - a +0 robe (worn)
 c - a +0 kite shield (worn)
Jewellery
 k - a +6 ring of dexterity (left hand)
Scrolls
 f - a scroll of poison {unknown}
 g - a scroll of acquirement {unknown}
 j - 2 scrolls of enchant weapon {unknown}
 m - 3 scrolls of identify {unknown}
 n - a scroll of torment {unknown}
 o - a scroll of magic mapping {unknown}
 q - a scroll of vulnerability {unknown}
 r - a scroll of teleportation {unknown}
Potions
 e - a potion of invisibility {unknown}
 i - a potion of lignification {unknown}
 l - a potion of mutation {unknown}


   Skills:
 + Level 6.8 Fighting
 - Level 2.0 Axes
 - Level 2.6 Dodging
 - Level 3.0 Shields


You had 3 spell levels left.
You didn't know any spells.
Your spell library contained the following spells:

 Spells                   Type           Power      Damage    Failure   Level
 Freeze                   Ice            0%         1d3       67%         1
 Frozen Ramparts          Ice            0%         1d2       96%         3
 Hailstorm                Conj/Ice       0%         3d3       100%        4


Dungeon Overview and Level Annotations

Branches:
Dungeon (4/15)
 Temple: D:4-7

Altars:

Annotations:
D:4 Natasha


Innate Abilities, Weirdness & Mutations

You are too large for most types of armour.
You have tough skin. (AC +1)


Message History

Natasha claws you but does no damage. The white imp hits you.
The white imp freezes you.
You are too injured to fight recklessly!
You are too injured to fight recklessly!
You are too injured to fight recklessly!
You are too injured to fight recklessly!
You are too injured to fight recklessly!
You are too injured to fight recklessly!
You are too injured to fight recklessly!
You are too injured to fight recklessly!
You are too injured to fight recklessly!
You are too injured to fight recklessly!
You are too injured to fight recklessly!
You are too injured to fight recklessly!
Unknown command.
You feel very mighty all of a sudden. Natasha casts a spell at you.
You resist with some effort. The white imp gestures at you.
The puff of frost hits you!
* * * LOW HITPOINT WARNING * * *
Unknown command.
You slash Natasha!
Natasha is severely wounded.
You barely miss the white imp.
Natasha mumbles some strange words.
You block the white imp's attack.
Natasha drinks a potion.
Natasha is healed!
You closely miss Natasha. You hit the white imp.
The white imp closely misses you. The crimson imp puffs mist at you.
Natasha claws you.
* * * LOW HITPOINT WARNING * * *
Unknown command.
You closely miss Natasha. You barely miss the crimson imp.
Natasha closely misses you. Natasha claws you.
* * * LOW HITPOINT WARNING * * *
The crimson imp hits you but does no damage.
Unknown command.
You barely miss Natasha. You closely miss the crimson imp. Natasha claws you!
You die...

##. ... ####.
..#. #... ###
..#.. ##..
..##..!.# #..#
#5.......
#..####5h5....#
####..##..@#
###......†.###
#.......####
.....#<####
####...# #####


You could see Natasha, a crimson imp (summoned) and 2 white imps.

Vanquished Creatures
  3 adders
  A worm (D:2)
  2 dart slugs
  7 ball pythons
  3 bats
  4 endoplasms
  2 giant cockroaches
  6 goblins
  4 hobgoblins
  4 jackals (D:1)
  3 quokkas
  A frilled lizard (D:2)
  4 kobolds
  6 rats
50 creatures vanquished.

Vanquished Creatures (others)
  4 toadstools (D:1)
4 creatures vanquished.

Grand Total: 54 creatures vanquished

Notes
Turn   | Place    | Note
-------+----------+-------------------------------------------
     0 | D:1      | Bruhh the Ogre Fighter began the quest for the Orb.
     0 | D:1      | Reached XP level 1. HP: 24/24 MP: 1/1
   112 | D:1      | Reached XP level 2. HP: 32/33 MP: 2/2
   126 | D:1      | Reached skill level 5 in Fighting
   289 | D:1      | Found a faded altar of an unknown god.
   487 | D:1      | Reached XP level 3. HP: 42/42 MP: 3/3
   998 | D:2      | Reached skill level 6 in Fighting
  1562 | D:2      | Reached XP level 4. HP: 43/53 MP: 4/4
  2214 | D:4      | Noticed Natasha
  2228 | D:4      | Slain by Natasha

Illustrated notes

Levels and vault maps discovered:
D:1:      ldierk_walled_garden_2, layout_basic,
          dreamdust_ecumenical_altar_statues
D:2:      layout_basic, st_stairs_4, hex_intersection, minmay_fountain_box
D:3:      layout_rooms, minmay_bisected
D:4:      layout_rooms, gammafunk_ghost_split, uniq_sigmund, uniq_ijyb,
          uniq_natasha

Skill      XL: |  1  2  3 |
---------------+----------+-----
Fighting       | 5 6 |  6.8
Axes           | |  2.0
Dodging        | |  2.6
Shields        | |  3.0

Action                   |  1- 3 |  4- 6 || total
-------------------------+-------+-------++-------
Melee: War axe           |    96 |    30 ||   126
  Use: Potion            |       |     1 ||     1
Armor: Robe              |    35 |     7 ||    42
Dodge: Dodged            |    27 |    16 ||    43
Block: Kite shield       |    35 |    12 ||    47

Table legend: (Time is in decaauts)
 A = Elapsed time spent in this place.
 B = Non-inter-level travel time spent in this place.
 C = Inter-level travel time spent in this place.
 D = Time resting spent in this place.
 E = Time spent auto-exploring this place.
 F = Levels seen in this place.
 G = Mean time per level.
                   A        B        C        D        E       F      G
               +--------+--------+--------+--------+--------+-----+--------+
         Total |   2294 |   2231 |     63 |      0 |   1845 |   4 |  573.5 |
       Dungeon |   2294 |   2231 |     63 |      0 |   1845 |   4 |  573.5 |
               +--------+--------+--------+--------+--------+-----+--------+

Top non-repeatable levels by time:
     D:1: 934 daAuts
     D:2: 842 daAuts
     D:3: 490 daAuts
     D:4: 26 daAuts
